 Dungeon Crawl Stone Soup version 0.31.0-1-g2c135a008e (webtiles) character file.

Game seed: 14734948416757028627

47 qw the Shooter (level 3, -1/29 HPs)
             Began as a Djinni Hunter on Jan 24, 2024.
             Slain by a gnoll
             ... wielding a +0 halberd
              (5 damage)
             ... on level 3 of the Dungeon.
             The game lasted 00:00:04 (1726 turns).

qw the Shooter (Djinni Hunter)                      Turns: 1726, Time: 00:00:05

Health: -1/29      AC:  5    Str: 10    XL:     3   Next: 97%
Gold:   101        EV: 11    Int: 10    God:
                   SH:  0    Dex: 18

rFire   + + .        a - +1 shortbow
rCold   x . .        (shield currently unavailable)
rNeg    . . .        h - +0 ring mail
rPois   inf          (no helmet)
rElec   .            (no cloak)
rCorr   .            (no gloves)
SInv    .            (boots unavailable)
Will    .....        (no amulet)
Stlth   +            (no ring)
HPRegen 0.24/turn    (no ring)
MPRegen 0.00/turn

%: infuse magic (-2 HP)
@: about to teleport, flying
A: sickness immunity, fire resistance 2, cold vulnerability 1, float, innate
caster, HP casting, extra vitality 1
a: no special abilities


You were on level 3 of the Dungeon.
You visited 1 branch of the dungeon, and saw 3 of its levels.

You collected 101 gold pieces.


Innate Abilities, Weirdness & Mutations

You are immune to sickness and miasma.
You are immune to poison.
Your flesh is very heat resistant. (rF++)
You are vulnerable to cold. (rC-)
You float through the air rather than walking.
You learn spells naturally, not from books.
Your magical power is your life essence.
You have superior vitality. (+4 MHP)


   Skills:
 + Level 2.3 Fighting
 - Level 4.1 Ranged Weapons
 - Level 1.0 Armour
 - Level 2.1 Dodging
 - Level 0.7 Stealth


You knew the following spells:

 Your Spells              Type           Power      Damage    Failure   Level
a - Shock                 Conj/Air       0%         1d3       67%         1
Your spell library was empty.

Inventory:

Hand Weapons
 a - a +1 shortbow (weapon)
Armour
 h - a +0 ring mail (worn)
Scrolls
 b - 3 scrolls of fog {unknown}
 g - a scroll of teleportation
Potions
 e - a potion of curing {unknown}
 f - a potion of invisibility {unknown}
 i - a potion of degeneration {unknown}

Dungeon Overview and Level Annotations

Branches:
Dungeon (3/15)

Altars:


Message History

There is a stone staircase leading down here.
You see here 3 stones.
You reach down and open the door.
There is an open door here. 2 gnolls come into view.
The gnoll shouts! x2
The gnoll moves out of view.
A gnoll comes into view. It is wielding a +0 halberd.
You shoot an arrow. The gnoll shouts!
The arrow hits the gnoll.
The gnoll is moderately wounded.
You shoot an arrow. The arrow hits the gnoll!
You kill the gnoll!
You shoot an arrow. The arrow closely misses the gnoll.
A gnoll comes into view. It is wielding a +0 flail.
1717 ||| RETREEEEATING.
1719 ||| RETREEEEATING.
You shoot an arrow. The arrow hits the gnoll.
The gnoll is moderately wounded.
The gnoll hits you from afar with a +0 halberd.
You shoot an arrow. The arrow hits the gnoll.
The gnoll is heavily wounded.
The gnoll misses you.
You shoot an arrow. The arrow closely misses the gnoll.
The gnoll hits you from afar with a +0 halberd!
You shoot an arrow. The arrow barely misses the gnoll.
The gnoll barely misses you.
The gnoll hits you from afar with a +0 halberd.
You shoot an arrow. The arrow hits the gnoll.
The gnoll is almost dead.
The gnoll hits you from afar with a +0 halberd!
1725 ||| READING 2 scrolls of teleportation.
As you read the scroll of teleportation, it crumbles to dust.
You feel strangely unstable. The gnoll closely misses you.
You shoot an arrow. The arrow hits the gnoll.
The gnoll is almost dead.
The gnoll hits you from afar with a +0 halberd.
You die...

##.## ##...%#
#. .... #......
#g
##+#.####.###.#
#.
#..............
#g
#.........###.#
#. #........>#
..# #.
#...(####.# ###
#g####....##
#%#
#..@.'.....#
#.#####
######.....#
#...... #.....#
####### #.....#
#.....# #####+#


You could see a gnoll.

Vanquished Creatures
  A gnoll (D:3)
  An adder (D:2)
  A dart slug (D:1)
  2 endoplasms
  2 giant cockroaches
  A goblin (D:2)
  2 hobgoblins
  3 jackals (D:2)
  4 ball pythons (D:2)
  3 bats
  2 kobolds (D:1)
  4 rats
26 creatures vanquished.

Notes
Turn   | Place    | Note
-------+----------+-------------------------------------------
     0 | D:1      | qw the Djinni Hunter began the quest for the Orb.
     0 | D:1      | Reached XP level 1. HP: 18/18 MP: 0/0
     0 | D:1      | 0 ||| qw: Version: 0.3-a-136-gdd3b4e8
     0 | D:1      | 0 ||| qw: Game counter: 1397
     0 | D:1      | 0 ||| qw: Melee chars always use a shield: true
     0 | D:1      | 0 ||| qw: God list: Okawaru
     0 | D:1      | 0 ||| qw: Allow faded altars: false
     0 | D:1      | 0 ||| qw: Do Orc after clearing Dungeon:15 true
     0 | D:1      | 0 ||| qw: Do second Lair branch before Depths: true
     0 | D:1      | 0 ||| qw: Lair rune preference: random
     0 | D:1      | 0 ||| qw: Goals: Normal
     0 | D:1      | 0 ||| PLANNING D:1-11
    24 | D:1      | HP: 2/18 [frozen (7)]
   375 | D:1      | Reached XP level 2. HP: 23/23 MP: 0/0
   698 | D:1      | 698 ||| UPGRADING to +0 ring mail.
   708 | D:1      | 708 ||| DROPPING +0 leather armour.
   709 | D:1      | 709 ||| READING scroll labelled TAJOTA NACE.
   710 | D:1      | 710 ||| READING 2 scrolls labelled ZYPREUCZOE.
   714 | D:1      | 714 ||| READING scroll labelled MUEDUI DEGRIM.
   715 | D:1      | 715 ||| DROPPING scroll of butterflies.
  1193 | D:2      | Reached skill level 4 in Ranged Weapons
  1193 | D:2      | Reached XP level 3. HP: 26/28 MP: 0/0
  1193 | D:2      | Learned a level 1 spell: Shock
  1649 | D:2      | 1649 ||| READING scroll labelled ASHOEMA JOTOH.
  1649 | D:2      | 1649 ||| ENCHANTING +0 shortbow.
  1693 | D:3      | Reached skill level 1 in Armour
  1717 | D:3      | 1717 ||| RETREEEEATING.
  1719 | D:3      | 1719 ||| RETREEEEATING.
  1724 | D:3      | HP: 4/29 [gnoll/+0 halberd (8)]
  1725 | D:3      | 1725 ||| READING 2 scrolls of teleportation.
  1726 | D:3      | Slain by a gnoll

Levels and vault maps discovered:
D:1:      dpeg_arrival_stone_temple_mockup, layout_basic
D:2:      layout_basic, serial_rivers, chequers_serial_rivers_marsh,
          chequers_serial_rivers_small_a, chequers_serial_rivers_room_a,
          chequers_serial_rivers_small_b, chequers_serial_rivers_small_a,
          chequers_serial_rivers_micro_c
D:3:      layout_basic, makhleb_altar_promises_db,
          nicolae_qazlal_style_of_elements, okawaru_ov_weapons_minmay,
          minmay_misc_feat_four_crosses

Skill      XL: |  1  2  3 |
---------------+----------+-----
Ranged Weapons | 4 |  4.1
Armour         | 1 |  1.0
Fighting       | |  2.3
Dodging        | |  2.1
Stealth        | |  0.7

Action                     || total
---------------------------++-------
   Fire: Shortbow          ||    91
    Use: Scroll            ||     5
 Armour: Leather armour    ||     6
         Ring mail         ||    23
  Dodge: Dodged            ||    27

Table legend:
 A = Non-vault XP
 B = Vault XP
 C = Vault XP percentage of total XP
 D = Non-vault monster count
 E = Vault monster count
 F = Vault count percentage of total count
                 A         B        C        D         E       F
            +---------+---------+-------+---------+---------+-------
      Total |      68 |       0 |   0.0 |      26 |       0 |   0.0
            +---------+---------+-------+---------+---------+-------
        D:1 |      18 |       0 |   0.0 |      11 |       0 |   0.0
        D:2 |      32 |       0 |   0.0 |      12 |       0 |   0.0
        D:3 |      18 |       0 |   0.0 |       3 |       0 |   0.0
            +---------+---------+-------+---------+---------+-------
